 Dungeon Crawl Stone Soup version 0.20-a0-945-g3bf614a (webtiles) character file.

172447 Gorglomux the Thaumaturge (level 17, -9/141 HPs)
             Began as a Grey Draconian Fire Elementalist on Apr 1, 2017.
             Was a High Priest of Sif Muna.
             Mangled by the 27-headed Lernaean hydra (11 damage)
             ... on level 4 of the Swamp.
             The game lasted 03:12:02 (41916 turns).

Gorglomux the Thaumaturge (DrFE)                   Turns: 41916, Time: 03:12:02

Health: -9/141     AC: 20    Str: 11    XL:     17   Next: 41%
Magic:  18/44      EV: 16    Int: 21    God:    Sif Muna [*****.]
Gold:   1958       SH:  7    Dex: 13    Spells: 10/45 levels left

rFire    + . .     SeeInvis +   L - staff of fire
rCold    . . .     Gourm    +   Q - +3 buckler
rNeg     . . .     Faith    .   (armour unavailable)
rPois    .         Spirit   .   (helmet restricted)
rElec    .         Reflect  .   J - +2 cloak
rCorr    .         Harm     .   q - +2 pair of gloves
MR       +....                  (no boots)
Stlth    ++........             N - amulet of the gourmand
Regen    0.4/turn               t - ring of magical power
MPRegen  0.3/turn               s - ring of see invisible

@: about to teleport, studying Necromancy, divine energy
A: walk through water, unfitting armour, unbreathing, cold-blooded, AC +14
a: Stop Divine Energy, Channel Magic, Forget Spell, Renounce Religion


You were on level 4 of the Swamp.
You worshipped Sif Muna.
Sif Muna was extremely pleased with you.
You were very full.

You visited 6 branches of the dungeon, and saw 29 of its levels.
You also visited: Labyrinth, Ossuary and Volcano.

You collected 2673 gold pieces.
You spent 715 gold pieces at shops.

Inventory:

Hand Weapons
 a - the +5 rapier of Reapportionment {speed, +Blink rPois Dex+4}
   (You found it on level 4 of the Lair of Beasts)

   Attacks with this weapon are significantly faster.
   It affects your dexterity (+4).
   It protects you from poison.
   It lets you blink.
 b - the +8 spear "Beastbane" {drain, rPois rN+ MR+ Int-3}
   (You found it on level 4 of the Lair of Beasts)

   A truly terrible weapon, it drains the life of those it strikes.
   It affects your intelligence (-3).
   It protects you from poison.
   It protects you from negative energy.
   It affects your resistance to hostile enchantments.
Missiles
 Z - 3 throwing nets (quivered)
Armour
 q - a +2 pair of gloves (worn)
 J - a +2 cloak (worn)
 Q - a +3 buckler (worn)
Magical Staves
 L - an uncursed staff of fire (weapon)
Jewellery
 f - a +6 ring of strength
 m - an uncursed ring of protection from magic
 s - a ring of see invisible (right hand)
 t - a ring of magical power (left hand)
 N - an amulet of the gourmand (around neck)
 S - a +3 amulet of reflection {unknown}
Wands
 A - a wand of acid (9/15)
 O - a wand of clouds (6/9)
Scrolls
 j - 4 scrolls of fog
 l - a scroll of holy word
 v - 3 scrolls of fear
 y - 2 scrolls of immolation
 B - 2 scrolls of blinking
 G - 15 scrolls of remove curse
 M - 5 scrolls of magic mapping
 T - 9 scrolls of teleportation
Potions
 c - 2 potions of agility
 e - 10 potions of heal wounds
 i - a potion of ambrosia
 k - a potion of invisibility
 n - 5 potions of lignification
 o - 12 potions of curing
 x - 6 potions of mutation
 z - 5 potions of might
 C - 2 potions of flight
 E - 3 potions of haste
 H - 7 potions of magic
 I - a potion of cancellation {unknown}
 K - a potion of resistance
 P - 2 potions of brilliance
Books
 d - Duttucw's Incunabulum of Fiery Confrontation {god gift}
   (Sif Muna gifted it to you on level 3 of the Swamp)

   Spells                             Type                      Level
   a - Stone Arrow                    Conjuration/Earth            3
   b - Throw Icicle                   Conjuration/Ice              4
   c - Fireball                       Conjuration/Fire             5
   d - Lehudib's Crystal Spear        Conjuration/Earth            8
   e - Fire Storm                     Conjuration/Fire             9
 p - Sif Muna's Catalogue of Hurtful Changing {god gift}
   (Sif Muna gifted it to you on level 2 of the Orcish Mines)

   Spells                             Type                      Level
   a - Static Discharge               Conjuration/Air              3
   b - Spider Form                    Transmutation/Poison         3
   c - Bolt of Draining               Conjuration/Necromancy       5
   d - Poison Arrow                   Conjuration/Poison           6
   e - Bolt of Fire                   Conjuration/Fire             6
   f - Freezing Cloud                 Conjuration/Ice/Air          6
 F - a book of Fire

   Spells                             Type                      Level
   a - Ignite Poison                  Fire/Transmutation/Poison    3
   b - Fireball                       Conjuration/Fire             5
   c - Bolt of Fire                   Conjuration/Fire             6
   d - Ring of Flames                 Charms/Fire                  7
   e - Ignition                       Fire                         8
 V - a manual of Necromancy
Miscellaneous
 U - a box of beasts
 W - a sack of spiders
 X - a phial of floods (inert)
 Y - a lamp of fire (inert)
Comestibles
 g - 18 bread rations
 u - 6 meat rations


   Skills:
 - Level 10.6 Fighting
 - Level 7.0 Dodging
 - Level 1.7 Stealth
 - Level 3.2 Shields
 + Level 14.9 Spellcasting
 - Level 11.5 Conjurations
 - Level 12.2 Summonings
 + Level 13.0 Fire Magic
 - Level 4.2 Air Magic
 - Level 11.5 Earth Magic
 - Level 8.0 Invocations
 - Level 2.8 Evocations


You had 10 spell levels left.
You knew the following spells:

 Your Spells              Type           Power        Failure   Level  Hunger
a - Flame Tongue          Conj/Fire      #####        1%          1    None
b - Sticky Flame          Conj/Fire      #######.     1%          4    None
c - Fireball              Conj/Fire      #######...   1%          5    ###....
d - Shadow Creatures      Summ           N/A          6%          6    #####..
f - Iron Shot             Conj/Erth      ######....   8%          6    #####..
g - Bolt of Fire          Conj/Fire      #######...   4%          6    #####..
l - Summon Lightning Spi  Summ/Air       ######..     1%          4    None
q - Dazzling Spray        Conj/Hex       #####.       1%          3    None


Dungeon Overview and Level Annotations

Branches:
Dungeon (15/15)            Temple (1/1) D:7            Lair (6/6) D:8
  Swamp (4/4) Lair:2        Snake (1/4) Lair:2        Slime (0/5) Lair:6
    Orc (2/2) D:9             Elf (0/3) Orc:2        Vaults (0/5) D:14
 Depths (0/5) D:15

Altars:
Ashenzari
Cheibriados
Dithmenos
Elyvilon
Fedhas
Gozag
Hepliaklqana
Kikubaaqudgha
Makhleb
Nemelex Xobeh
Okawaru
Qazlal
Ru
Sif Muna
Trog
Uskayaw
Vehumet
Wu Jian
Xom
Yredelemnul
Zin
The Shining One

Shops:
D:12 }   D:14 (!   Orc:2 ?*(?

Annotations:
Swamp:4 Lernaean hydra


Innate Abilities, Weirdness & Mutations

You can walk through water.
Your dull iron-grey scales are very hard. (AC +14)
You cannot fit into any form of body armour.
You can survive without breathing.
You are cold-blooded and may be slowed by cold attacks.


Message History

The 27-headed Lernaean hydra bites you but does no damage.
The 27-headed Lernaean hydra bites you.
* * * LOW HITPOINT WARNING * * *
You block the 27-headed Lernaean hydra's attack.
The 27-headed Lernaean hydra bites you but does no damage.
The 27-headed Lernaean hydra misses you.
The 27-headed Lernaean hydra barely misses you.
The 27-headed Lernaean hydra bites you.
* * * LOW HITPOINT WARNING * * *
The 27-headed Lernaean hydra completely misses you.
The 27-headed Lernaean hydra bites you!
* * * LOW HITPOINT WARNING * * *
The 27-headed Lernaean hydra bites you but does no damage.
The 27-headed Lernaean hydra bites you.
* * * LOW HITPOINT WARNING * * *
The 27-headed Lernaean hydra bites you but does no damage.
The 27-headed Lernaean hydra bites you!
* * * LOW HITPOINT WARNING * * *
The 27-headed Lernaean hydra bites you!
You die...

≈≈...♣♣ ♣♣ ♣.♣.♣.♣ ♣♣♣ ♣♣
≈≈≈≈.♣ ♣ ♣≈♣♣♣ ♣.♣.♣.♣
♣≈♣♣♣. ≈≈≈≈♣♣ ≈≈♣
♣.≈♣♣♣.♣.♣.♣♣♣♣≈≈♣..
≈≈≈≈♣
≈≈.≈♣♣≈≈....♣.♣....♣♣≈..≈
≈≈≈.♣♣
≈≈..≈.♣..♣♣♣♣.♣♣♣♣..♣≈≈.≈
≈≈.≈.♣ ♣≈≈...♣♣♣ ♣.♣
♣♣♣.♣♣≈.≈ ≈...♣♣
♣.≈≈...≈♣♣♣.♣♣♣(≈..♣♣≈≈
≈.≈♣♣
♣♣≈≈≈.♣≈.≈♣♣.♣≈≈.....♣≈≈
≈.♣♣
♣≈≈≈≈♣♣@.♣♣♣.(≈.♣♣♣≈♣≈.≈
≈.♣♣ ♣≈§§§♣D..♣ ♣≈≈♣♣♣
♣♣♣♣♣≈
≈≈.♣♣♣♣♣♣♣≈§§8f♣D♣♣ ♣♣♣♣
♣♣ ≈.(♣.≈≈.≈♣♣♣§D≈≈♣♣ ♣♣♣
..♣♣.≈≈.♣♣♣♣§k.♣♣ ♣♣≈≈
♣♣≈..≈≈≈≈.♣≈.k†? ♣♣.≈≈
♣♣.≈≈≈≈≈≈≈♣♣≈.kk♣ ♣♣≈.≈≈
♣♣.≈≈♣♣≈≈♣#≈≈... ♣.†.≈≈
♣.§♣♣♣♣♣♣♣..≈..≈ ♣♣♣♣
♣≈..≈♣.


You could see the 27-headed Lernaean hydra, an eight-headed hydra, 2 swamp
drakes, a friendly thorn hunter, a friendly eight-headed hydra and a friendly
lightning spire.

Vanquished Creatures
  A tentacled monstrosity (Swamp:3)
  Frances (Swamp:1)
  A thorn hunter (Swamp:2)
  A storm dragon (D:12)
  Roxanne (Swamp:4)
  A fire giant (D:15)
  2 dire elephants (Lair:4)
  Josephine (D:10)
  A minotaur (Lab)
  Erolcha (D:13)
  4 vault guards (D:14)
  A rakshasa (D:14)
  16 hydras
  Harold (Orc:1)
  2 ghost crabs
  9 two-headed ogres
  7 centaur warriors
  12 alligators
  A death knight (D:13)
  7 death yaks
  2 ogre magi
  An orc high priest (Orc:2)
  A hell knight (Volcano)
  Nergalle (Lair:2)
  A skeletal warrior (D:14)
  3 unseen horrors
  A spriggan druid (Swamp:4)
  A naga ritualist (Snake:1)
  6 swamp dragons
  A wizard (D:15)
  A lindwurm (Lair:4)
  Pikel (D:9)
  3 shambling mangroves
  A wolf spider zombie (D:14)
  The ghost of esteth the Cleaver, a novice MiFi of Okawaru (D:6)
  6 orc knights
  2 mana vipers (Snake:1)
  2 deep elf magi
  3 oklob plants (Lair:2)
  4 orc sorcerers
  2 manticores
  4 cyclopes
  14 ugly things
  Maurice (Orc:2)
  11 elephants
  10 black mambas
  Joseph (D:10)
  A naga mage (Snake:1)
  2 gargoyles
  40 spiny frogs
  A komodo dragon (shapeshifter) (D:14)
  An efreet (D:14)
  2 freezing wraiths (D:14)
  A kobold demonologist (D:13)
  5 rime drakes
  A rime drake (shapeshifter) (D:15)
  10 komodo dragons
  A meliai (D:14)
  3 polar bears
  7 trolls
  6 bog bodies
  6 tyrant leeches
  20 hippogriffs
  15 hornets
  27 blink frogs
  5 slime creatures
  A vampire (D:15)
  9 spriggans
  3 shadows
  A redback (D:12)
  6 wraiths
  18 wyverns
  41 yaks
  2 hogs (Swamp:4)
  The ghost of Ratty the Covered, an amateur MiBe of Trog (D:3)
  12 basilisks
  36 vampire mosquitoes
  A hungry ghost (D:13)
  3 soldier ants
  10 nagas
  14 water moccasins
  3 hell hounds
  9 insubstantial wisps
  An acid dragon (D:14)
  2 wargs
  22 swamp worms
  9 porcupines
  4 slaves (D:9)
  4 swamp drakes
  43 orc warriors
  3 eyes of draining
  6 ice beasts
  A black bear (D:10)
  A phantom (D:9)
  14 ogres
  2 sky beasts
  31 centaurs
  15 crocodiles
  32 bullfrogs
  2 big kobolds
  A gnoll sergeant (D:9)
  3 wyvern skeletons
  4 scorpions
  2 vampire bats (D:8)
  5 wights (D:11)
  2 howler monkeys
  5 electric eels
  4 bullfrog zombies
  5 centaur zombies
  14 crimson imps
  2 quasits (D:10)
  7 hounds
  5 jellies
  Crazy Yiuf (D:4)
  5 centaur skeletons
  16 orc priests
  A bullfrog skeleton (D:7)
  24 orc wizards
  Jessica (D:2)
  6 iguanas
  7 hell rats (Lair:4)
  14 worker ants
  A big kobold zombie (Ossuary)
  A hound skeleton (D:5)
  2 mummies (Ossuary)
  Robin (D:3)
  A worker ant zombie (D:9)
  10 adders
  4 gnolls (D:9)
  7 shadow imps
  A white imp (D:9)
  5 oozes
  3 adder skeletons
  2 adder zombies
  3 worms
  2 dart slugs
  3 leopard geckos
  73 orcs
  9 bats
  A bat skeleton (D:8)
  3 bat zombies (D:8)
  8 giant cockroaches
  13 hobgoblins
  10 jackals
  16 kobolds
  4 quokkas
  4 frilled lizards
  17 goblins
  4 goblin zombies (Ossuary)
  6 hobgoblin zombies (Ossuary)
  3 jackal zombies
  15 kobold zombies (Ossuary)
  A leopard gecko skeleton (D:4)
  5 orc zombies (Ossuary)
  A quokka skeleton (D:4)
  8 rats
  A rat zombie (Ossuary)
  A fungus (Lair:2)
  6 plants
1061 creatures vanquished.

Vanquished Creatures (collateral kills)
  Kirke (Swamp:4)
  Louise (Swamp:1)
  A hydra (Swamp:4)
  A two-headed ogre (D:15)
  2 death yaks
  An ogre mage (D:15)
  2 swamp dragons (Swamp:4)
  3 ugly things
  2 cyclopes (D:15)
  An oklob plant (Lair:2)
  A deep elf mage (D:12)
  A salamander (Snake:1)
  2 naga magi (Snake:1)
  A centaur skeleton (D:15)
  A komodo dragon (Lair:6)
  A red devil (Volcano)
  A hornet (Swamp:1)
  4 slime creatures (Swamp:2)
  A blink frog (Lair:5)
  A wraith (D:12)
  A spriggan (Swamp:1)
  3 basilisks (Lair:6)
  2 hogs (Swamp:4)
  A vampire mosquito (Swamp:4)
  2 insubstantial wisps (Swamp:2)
  A naga (Snake:1)
  A hell hound (Volcano)
  A porcupine (Lair:4)
  3 orc warriors (Orc:2)
  2 ogres (D:15)
  A crocodile (Lair:1)
  3 centaurs
  A bullfrog (Lair:6)
  An orc priest (Orc:2)
  3 orc wizards
  A shadow imp (D:12)
  7 orcs (Orc:2)
63 creatures vanquished.

Vanquished Creatures (others)
  A blink frog (Lair:6)
  A spriggan (Swamp:2)
  A human (Swamp:4)
  A swamp drake (Swamp:4)
  An orc wizard (Orc:2)
  A bush (Lair:5)
  20 fungi
  64 plants
  10 toadstools (Lair:4)
100 creatures vanquished.

Grand Total: 1224 creatures vanquished

Notes
Turn   | Place    | Note
-------+----------+-------------------------------------------
     0 | D:1      | Gorglomux the Draconian Fire Elementalist began the quest for the Orb.
     0 | D:1      | Reached XP level 1. HP: 14/14 MP: 3/3
   469 | D:1      | Reached XP level 2. HP: 19/20 MP: 0/5
  1014 | D:1      | Reached XP level 3. HP: 22/26 MP: 4/6
  1197 | D:2      | Noticed Jessica
  1202 | D:2      | Killed Jessica
  1254 | D:2      | Learned a level 3 spell: Conjure Flame
  1786 | D:2      | Reached XP level 4. HP: 33/33 MP: 8/8
  2008 | D:2      | Learned a level 4 spell: Sticky Flame
  2074 | D:3      | Noticed Ratty's ghost (amateur MiBe)
  2505 | D:3      | Killed Ratty's ghost
  2505 | D:3      | Reached skill level 3 in Spellcasting
  2505 | D:3      | Reached skill level 3 in Conjurations
  2505 | D:3      | Reached XP level 5. HP: 38/38 MP: 4/10
  2782 | D:3      | Reached XP level 6. HP: 45/45 MP: 11/11
  3263 | D:4      | Noticed Robin
  3321 | D:3      | Killed Robin
  3491 | D:4      | Found a glowing golden altar of the Shining One.
  3628 | D:4      | Reached skill level 4 in Spellcasting
  3703 | D:4      | Found a runed door.
  4032 | D:4      | Noticed Crazy Yiuf
  4038 | D:4      | Killed Crazy Yiuf
  4038 | D:4      | Your scales start taking on a dull iron-grey colour.
  4038 | D:4      | Reached XP level 7. HP: 50/50 MP: 13/13
  4038 | D:4      | Gained mutation: You can survive without breathing. [Grey Draconian growth]
  4129 | D:5      | Entered Level 5 of the Dungeon
  4410 | D:5      | Found a shadowy altar of Dithmenos.
  4557 | D:5      | Reached skill level 6 in Fire Magic
  5430 | D:6      | Noticed esteth's ghost (novice MiFi)
  5450 | D:6      | Killed esteth's ghost
  5450 | D:6      | Reached skill level 6 in Conjurations
  5450 | D:6      | Reached XP level 8. HP: 35/57 MP: 13/14
  5546 | D:6      | Noticed a two-headed ogre
  5573 | D:6      | Killed a two-headed ogre
  5573 | D:6      | Reached XP level 9. HP: 62/62 MP: 4/15
  5580 | D:6      | Learned a level 5 spell: Fireball
  5752 | D:6      | Found a sand-covered staircase.
  5762 | Ossuary  | Entered an ossuary
  6554 | D:7      | Found a staircase to the Ecumenical Temple.
  6565 | D:7      | Reached skill level 9 in Fire Magic
  6569 | Temple   | Entered the Ecumenical Temple
  6699 | Temple   | Became a worshipper of Sif Muna the Loreminder
  7255 | D:8      | Reached skill level 5 in Spellcasting
  7301 | D:8      | Found a radiant altar of Vehumet.
  7303 | D:8      | Reached skill level 9 in Conjurations
  7332 | D:8      | Reached * piety under Sif Muna
  7344 | D:8      | Reached XP level 10. HP: 39/69 MP: 3/18
  7697 | D:8      | Reached skill level 6 in Spellcasting
  7731 | D:8      | Reached ** piety under Sif Muna
  7783 | D:8      | Noticed a two-headed ogre
  7792 | D:8      | Killed a two-headed ogre
  8176 | D:8      | Found a staircase to the Lair.
  8299 | D:8      | Found a shadowy altar of Dithmenos.
  8377 | D:8      | Found an ancient bone altar of Kikubaaqudgha.
  8509 | D:9      | Noticed a two-headed ogre
  8529 | D:9      | Killed a two-headed ogre
  8529 | D:9      | Reached *** piety under Sif Muna
  8529 | D:9      | Reached skill level 7 in Spellcasting
  8590 | D:9      | Noticed a deep elf mage
  8596 | D:9      | Killed a deep elf mage
  8829 | D:9      | Found a staircase to the Orcish Mines.
  8884 | D:9      | Reached XP level 11. HP: 53/74 MP: 16/22
  8912 | D:9      | Noticed Pikel
  8941 | D:9      | Found an iron altar of Okawaru.
  9035 | D:9      | Killed Pikel
  9146 | D:9      | Found a shimmering altar of Xom.
  9283 | D:10     | Entered Level 10 of the Dungeon
  9295 | D:9      | Reached **** piety under Sif Muna
  9367 | D:9      | Learned a level 3 spell: Dazzling Spray
  9752 | D:9      | Reached skill level 8 in Spellcasting
 10269 | D:10     | Noticed Josephine
 10282 | D:10     | Killed Josephine
 10754 | D:10     | Noticed Joseph
 10760 | D:10     | Killed Joseph
 10875 | D:10     | Reached ***** piety under Sif Muna
 10939 | D:11     | Reached skill level 12 in Fire Magic
 10939 | D:11     | Reached skill level 1 in Invocations
 10940 | D:11     | Noticed a cyan ugly thing
 11137 | D:10     | Identified Sif Muna's Handbook of Floating Transmigration {god gift} (Sif Muna gifted it to you on level 10 of the Dungeon)
 11137 | D:10     | Received a gift from Sif Muna
 11146 | D:10     | Learned a level 4 spell: Summon Lightning Spire
 11212 | D:11     | Reached skill level 1 in Summonings
 11385 | D:11     | Reached skill level 1 in Air Magic
 11443 | D:11     | Reached skill level 9 in Spellcasting
 12120 | D:11     | Killed a cyan ugly thing
 12251 | Lair:1   | Entered Level 1 of the Lair of Beasts
 12254 | Lair:1   | Reached XP level 12. HP: 81/81 MP: 25/25
 12308 | Lair:1   | Reached skill level 3 in Invocations
 12335 | Lair:1   | Noticed a four-headed hydra
 12347 | Lair:1   | Killed a four-headed hydra
 13402 | Lair:2   | Noticed Nergalle
 13641 | Lair:2   | Killed Nergalle
 13641 | Lair:2   | Reached skill level 3 in Summonings
 13768 | Lair:2   | Reached skill level 3 in Air Magic
 14021 | Lair:2   | Found a staircase to the Snake Pit.
 14055 | Lair:2   | Found a dark tunnel.
 14104 | Volcano  | Entered a volcano
 15180 | Lair:2   | Reached skill level 10 in Spellcasting
 15185 | Lair:2   | Reached skill level 6 in Invocations
 15577 | Lair:2   | Identified Sif Muna's Foundations of Theurgy {god gift} (Sif Muna gifted it to you on level 2 of the Lair of Beasts)
 15577 | Lair:2   | Received a gift from Sif Muna
 15743 | Lair:2   | Found a staircase to the Swamp.
 16557 | Lair:4   | Reached XP level 13. HP: 83/86 MP: 25/27
 16572 | Lair:4   | Reached skill level 6 in Summonings
 17844 | Lair:4   | Got an encrusted rapier
 17845 | Lair:4   | Identified the +5 rapier of Reapportionment {speed, +Blink rPois Dex+4} (You found it on level 4 of the Lair of Beasts)
 18005 | Lair:4   | Identified the Almanac of Creative Stolen Souls
 18020 | Lair:4   | Learned a level 6 spell: Shadow Creatures
 18149 | Lair:4   | Found a runed door.
 18401 | Lair:4   | Noticed a dire elephant
 18401 | Lair:4   | Noticed a dire elephant
 18423 | Lair:4   | Killed a dire elephant
 18423 | Lair:4   | Reached skill level 11 in Spellcasting
 18505 | Lair:4   | Killed a dire elephant
 18557 | Lair:4   | Got an ivory spear
 18558 | Lair:4   | Identified the +8 spear "Beastbane" {drain, rPois rN+ MR+ Int-3} (You found it on level 4 of the Lair of Beasts)
 18780 | Lair:4   | Received a gift from Sif Muna
 19240 | Lair:5   | Reached skill level 1 in Evocations
 19809 | Lair:5   | Learned a level 5 spell: Bolt of Magma
 20039 | Lair:5   | Reached skill level 9 in Summonings
 20276 | Lair:5   | Reached skill level 1 in Earth Magic
 20331 | Lair:6   | Entered Level 6 of the Lair of Beasts
 20460 | Lair:6   | Found a staircase to the Slime Pits.
 20491 | Lair:6   | Reached XP level 14. HP: 78/93 MP: 6/29
 20920 | Lair:6   | Reached skill level 3 in Earth Magic
 21122 | Lair:5   | Reached skill level 12 in Spellcasting
 21541 | Lair:5   | Reached skill level 1 in Fighting
 22383 | Lair:6   | Reached skill level 3 in Fighting
 22425 | Lair:6   | Identified Sif Muna's Papyrus of Gliding Arcane Weapons {god gift} (Sif Muna gifted it to you on level 6 of the Lair of Beasts)
 22425 | Lair:6   | Received a gift from Sif Muna
 22576 | Lair:6   | Learned a level 6 spell: Iron Shot
 22963 | Lair:6   | Reached skill level 6 in Earth Magic
 24054 | Lair:6   | Reached skill level 1 in Shields
 24287 | Lair:6   | Identified the Almanac of the Cankerous Oath
 24312 | Lair:6   | Got a scorched flail
 24313 | Lair:6   | Identified the +10 flail "Raucabri" {flame, MR+} (You found it on level 6 of the Lair of Beasts)
 25321 | D:12     | Noticed a storm dragon
 25332 | D:12     | Killed a storm dragon
 25332 | D:12     | Reached XP level 15. HP: 60/110 MP: 8/31
 25521 | D:12     | Reached skill level 3 in Shields
 25969 | D:12     | Found Toquesae's Gadget Shop.
 26367 | D:13     | Identified Sif Muna's Tome of Ashen Changing {god gift} (Sif Muna gifted it to you on level 13 of the Dungeon)
 26367 | D:13     | Received a gift from Sif Muna
 26578 | D:13     | Noticed Erolcha
 26581 | D:13     | Killed Erolcha
 26717 | D:13     | Found a shadowy altar of Dithmenos.
 27153 | D:14     | Reached skill level 13 in Spellcasting
 27163 | D:14     | Found a gate to the Vaults.
 27166 | D:14     | Reached skill level 3 in Dodging
 27431 | D:14     | Found Jeaduh's Distillery.
 27437 | D:14     | Bought a potion of heal wounds for 90 gold pieces
 27437 | D:14     | Bought a potion of heal wounds for 90 gold pieces
 27476 | D:14     | Found a labyrinth entrance.
 27544 | Lab      | Entered a labyrinth
 28742 | D:14     | Reached skill level 9 in Earth Magic
 28764 | D:14     | Reached skill level 6 in Fighting
 29531 | D:14     | Learned a level 6 spell: Bolt of Fire
 29638 | D:14     | Found Gycsorai's Weapon Shoppe.
 29862 | D:14     | Identified Sif Muna's Disquisition on Freezing Confrontation {god gift} (Sif Muna gifted it to you on level 14 of the Dungeon)
 29862 | D:14     | Received a gift from Sif Muna
 29914 | D:15     | Entered Level 15 of the Dungeon
 30986 | D:15     | Found a staircase to the Depths.
 30986 | D:15     | Noticed a fire giant
 31035 | D:15     | Killed a fire giant
 31259 | D:15     | Reached XP level 16. HP: 124/124 MP: 23/33
 32072 | Orc:1    | Entered Level 1 of the Orcish Mines
 32079 | Orc:1    | Reached skill level 12 in Summonings
 32480 | Orc:2    | Entered Level 2 of the Orcish Mines
 32748 | Orc:2    | Found a staircase to the Elven Halls.
 33029 | Orc:2    | Identified Sif Muna's Catalogue of Hurtful Changing {god gift} (Sif Muna gifted it to you on level 2 of the Orcish Mines)
 33029 | Orc:2    | Received a gift from Sif Muna
 33697 | Orc:2    | Noticed Maurice
 33731 | Orc:2    | Killed Maurice
 33853 | Orc:2    | Found Ladiliph's Assorted Antiques.
 33853 | Orc:2    | Found Bampy's Antique Weapon Boutique.
 33853 | Orc:2    | Found Poqo's Magic Scroll Shop.
 33856 | Orc:2    | Found Ohilufeb's Magic Scroll Emporium.
 33860 | Orc:2    | Bought a potion of heal wounds for 140 gold pieces
 33860 | Orc:2    | Bought a scroll of fear for 98 gold pieces
 33869 | Orc:2    | Bought a scroll of identify for 32 gold pieces
 33869 | Orc:2    | Bought a scroll of teleportation for 48 gold pieces
 33874 | Orc:2    | Bought a scroll of identify for 28 gold pieces
 33874 | Orc:2    | Bought a scroll of identify for 28 gold pieces
 33874 | Orc:2    | Bought a scroll of identify for 28 gold pieces
 33874 | Orc:2    | Bought a scroll of identify for 28 gold pieces
 33874 | Orc:2    | Bought a scroll of torment for 105 gold pieces
 33876 | Orc:2    | Identified a scroll of acquirement
 33877 | Orc:2    | Identified Sif Muna's Guide on Summoning (You acquired it on level 2 of the Orcish Mines)
 34041 | Orc:1    | Noticed Harold
 34043 | Orc:1    | Killed Harold
 34409 | Snake:1  | Entered Level 1 of the Snake Pit
 34418 | Snake:1  | Reached skill level 6 in Dodging
 35211 | Swamp:1  | Entered Level 1 of the Swamp
 35627 | Swamp:1  | Noticed Louise
 35637 | Swamp:1  | Killed Louise
 35662 | Swamp:1  | You fall through a shaft!
 35753 | Swamp:2  | Reached skill level 14 in Spellcasting
 36043 | Swamp:1  | Noticed Frances
 36224 | Swamp:1  | Killed Frances
 37299 | Swamp:2  | Noticed a thorn hunter
 37303 | Swamp:2  | Killed a thorn hunter
 37303 | Swamp:2  | Reached skill level 9 in Fighting
 37945 | Swamp:3  | Identified Duttucw's Incunabulum of Fiery Confrontation {god gift} (Sif Muna gifted it to you on level 3 of the Swamp)
 37945 | Swamp:3  | Received a gift from Sif Muna
 38282 | Swamp:3  | Noticed a tentacled monstrosity
 38288 | Swamp:3  | Killed a tentacled monstrosity
 39048 | Swamp:3  | Reached XP level 17. HP: 89/138 MP: 2/35
 40171 | Swamp:4  | Entered Level 4 of the Swamp
 41197 | Swamp:4  | Noticed Roxanne
 41216 | Swamp:4  | Killed Roxanne
 41218 | Swamp:4  | Identified Roxanne's Catalogue of the Mountains (You took it off Roxanne on level 4 of the Swamp)
 41617 | Swamp:4  | Noticed Kirke
 41633 | Swamp:4  | Killed Kirke
 41903 | Swamp:4  | Noticed the 27-headed Lernaean hydra
 41916 | Swamp:4  | HP: 2/141 [the 27-headed Lernaean hydra (7)]
 41916 | Swamp:4  | Mangled by the 27-headed Lernaean hydra

Vault maps used:
D:1:      dpeg_arrival_water_fire
D:2:      first_bread, grunt_decor_mini_mirrors, uniq_jessica
D:3:      nicolae_underground_beach
D:4:      lemuel_tele_altar, uniq_robin, uniq_crazy_yiuf_cottage
D:5:      basic_altar, minmay_door_square
D:6:      nicolae_ossuary_entry_ruins
D:7:      temple_fountains, the_bakery
D:8:      minmay_opposing_rooms, kennysheep_vampire_church,
          vehumet_altar_wand_db, minmay_lair_entry_grove,
          nicolae_dithmenos_through_a_glass_darkly
D:9:      orc_0_dummy, basic_altar, okawaru_metal_pillars_1_2, uniq_pikel
D:10:     minmay_nine_imps, uniq_josephine, uniq_joseph
D:12:     evilmike_horseshoe, serial_shops, kennysheep_little_box,
          grunt_decor_resistance
D:13:     basic_altar, small_statue_intersection, serial_park_tiny_1,
          uniq_erolcha
D:14:     lightli_vaults_fourway_checkpoint, lab_entry_generic, serial_shops,
          kennysheep_mini_moat, kennysheep_mini, kennysheep_another_room
D:15:     grunt_enter_depths_giant_problem,
          hangedman_abyss_or_decor_jellyfish_corner
Temple:   regret_index_temple_chain_breaker
Lair:2:   nicolae_swamp_entry_splash_gauntlet,
          minmay_snake_entry_guardpost_large, enter_volcano_2,
          serial_bayou_shore_a, lemuel_fruit_fields, grunt_megastairs_3,
          minmay_lair_oklob_chamber, uniq_nergalle
Lair:3:   eino_small_chamber_without_monster, lemuel_fruit_tree,
          infiniplex_staircase_pool
Lair:4:   gammafunk_lair_enchanted_lake, beast_lair_carwin_8
Lair:5:   grunt_megastairs_5
Lair:6:   minmay_lair_end_frog_pond, nicolae_slime_entry_slimehenge,
          special_room, lookout_lair_type
Swamp:1:  hangedman_swamp_diagram, uniq_louise, uniq_frances
Swamp:2:  evilmike_swamp_ruin_house_5
Swamp:3:  evilmike_swamp_ruin_house_2
Swamp:4:  swamp_old_school, swamp_pool1, nicolae_swamp_triple_paths,
          uniq_roxanne, uniq_kirke
Snake:1:  basic_altar
Orc:1:    uniq_harold
Orc:2:    st_orc_rangers, uniq_maurice
Lab:      labyrinth_watery, nicolae_lab_checkerboard
Ossuary:  ossuary_tomb_1
Volcano:  volcano_pools

Skill      XL: |  1  2  3  4  5  6  7  8  9 10 11 12 13 14 15 16 17 |
---------------+----------------------------------------------------+-----
Conjurations   | 2 3 4 6 7 9 10 11 | 11.5
Fire Magic     | 4 5 7 8 9 11 12 13 | 13.0
Spellcasting   | 3 4 5 7 9 10 11 12 13 14 | 14.9
Invocations    | 2 6 8 |  8.0
Summonings     | 1 5 9 10 11 12 | 12.2
Air Magic      | 1 4 |  4.2
Evocations     | 2 |  2.8
Earth Magic    | 2 7 9 11 | 11.5
Fighting       | 4 6 9 10 | 10.6
Dodging        | 2 5 7 |  7.0
Shields        | 2 3 |  3.2
Stealth        | |  1.7

Action                   |  1- 3 |  4- 6 |  7- 9 | 10-12 | 13-15 | 16-18 || total
-------------------------+-------+-------+-------+-------+-------+-------++-------
Melee: Unarmed           |    12 |       |       |       |       |       ||    12
       Tailslap          |     6 |     2 |    22 |    31 |    88 |    52 ||   201
       Whip              |    13 |     6 |   154 |   256 |       |       ||   429
       Dagger            |     7 |       |       |       |       |       ||     7
       Flail             |       |       |       |     1 |     6 |       ||     7
       Rapier            |       |       |       |       |   354 |   306 ||   660
       Spear             |       |       |       |       |    89 |    42 ||   131
       Staff             |       |       |       |       |       |     1 ||     1
Throw: Throwing net      |       |       |       |       |     1 |     2 ||     3
 Cast: Flame Tongue      |    37 |   136 |   182 |   410 |   332 |   288 ||  1385
       Conjure Flame     |       |     2 |     7 |     9 |     1 |       ||    19
       Sticky Flame      |       |       |    10 |    58 |   140 |    65 ||   273
       Fireball          |       |       |     5 |    83 |   194 |    92 ||   374
       Dazzling Spray    |       |       |       |    70 |     7 |       ||    77
       Summon Lightning  |       |       |       |    12 |    30 |    14 ||    56
       Bolt of Magma     |       |       |       |       |    46 |       ||    46
       Iron Shot         |       |       |       |       |    64 |   101 ||   165
       Shadow Creatures  |       |       |       |       |     6 |    27 ||    33
       Bolt of Fire      |       |       |       |       |     6 |    53 ||    59
Invok: Divine Energy     |       |       |     1 |       |     1 |       ||     2
       Channel Magic     |       |       |       |     1 |     5 |     5 ||    11
       Stop Divine Energ |       |       |       |       |     1 |       ||     1
 Abil: Evoke Blink       |       |       |       |       |     9 |     1 ||    10
Evoke: Wand              |       |       |       |       |     2 |     3 ||     5
       Phial of floods   |       |       |       |       |     1 |     2 ||     3
       Lamp of fire      |       |       |       |       |       |     2 ||     2
  Use: Scroll            |       |       |       |    27 |    17 |    10 ||    54
       Potion            |       |       |       |     2 |     5 |     2 ||     9
 Stab: Sleeping          |     1 |     1 |       |     1 |       |     1 ||     4
       Invisible         |       |       |       |     3 |       |       ||     3
       Distracted        |       |       |       |       |     2 |       ||     2
  Eat: Chunk             |     3 |     8 |    11 |    49 |    92 |    75 ||   238
       Fruit             |       |       |     2 |     1 |    14 |    25 ||    42
       Royal jelly       |       |       |       |     2 |     2 |     4 ||     8
       Meat ration       |       |       |       |     1 |     3 |     1 ||     5
Armor: Skin              |    12 |    41 |   115 |   368 |   377 |   333 ||  1246
Dodge: Dodged            |    32 |    67 |   169 |   447 |   466 |   512 ||  1693
Block: Buckler           |       |       |       |       |   180 |   339 ||   519
